 Dungeon Crawl Stone Soup version 0.16-a0-3210-ge5ae1c3 (webtiles) character file.

98 Pikaro the Conjurer (level 4, -5/27 HPs)
             Began as an Octopode Conjurer on Dec 19, 2014.
             Killed from afar by an orc wizard (10 damage)
             ... with a magic dart
             ... on level 3 of the Dungeon.
             The game lasted 00:05:36 (4382 turns).

Pikaro the Conjurer (Octopode Conjurer)             Turns: 4382, Time: 00:05:36

Health: -5/27      AC:  1    Str:  7    XL:     4   Next: 71%
Magic:  0/7        EV: 12    Int: 18    God:
Gold:   93         SH:  0    Dex: 12    Spells: 1 memorised, 6 levels left

rFire  . . .     SeeInvis .     k - staff of wizardry {wiz+, !a}
rCold  . . .     Clarity  +     (no shield)
rNeg   . . .     SustAb   .     (helmet restricted)
rPois  .         Gourm    .     f - amulet of clarity {Clarity, !d}
rElec  .         Spirit   .     (no ring)
rCorr  .         Warding  .     (no ring)
rMut   .         Stasis   .     (no ring)
MR     .....                    (no ring)
Stlth  +++.......               (no ring)
                                (no ring)
                                (no ring)
                                (no ring)

@: not resistant to hostile enchantments, fairly stealthy
A: almost no armour, amphibious, 8 rings, constrict 8, camouflage 1, gelatinous
body 1
a: no special abilities


You were on level 3 of the Dungeon.
You were not hungry.

You visited 1 branch of the dungeon, and saw 3 of its levels.

You collected 93 gold pieces.

Inventory:

Magical staves
 k - an uncursed staff of wizardry (weapon) {wiz+, !a}
   (You found it on level 3 of the Dungeon)
Jewellery
 f - an amulet of clarity (around mantle) {Clarity, !d}
   (You found it on level 2 of the Dungeon)
Scrolls
 e - a scroll of blinking {!r}
 h - a scroll of recharging
 i - a scroll of fog {unknown}
Potions
 a - 3 potions of might
Books
 c - a book of Conjurations
Comestibles
 b - a chunk of flesh {@w0}
 d - a meat ration {@e2}
 j - a bread ration {@e1}


   Skills:
 - Level 2.0 Dodging
 - Level 2.6 Stealth
 - Level 2.0 Spellcasting
 + Level 5.9 Conjurations


You had 6 spell levels left.
You knew the following spells:

 Your Spells              Type           Power        Failure   Level  Hunger
a - Magic Dart            Conj           ###.         1%          1    #......


Dungeon Overview and Level Annotations

Branches:
Dungeon (3/15)

Altars:
Fedhas
Nemelex Xobeh
Zin


Innate Abilities, Weirdness & Mutations

You cannot wear most types of armour.
You are amphibious.
You can wear up to eight rings at the same time.
You can use your tentacles to constrict many enemies at once.
Your skin changes colour to match your surroundings (Stealth).
Your rubbery body absorbs attacks (AC +1).


Message History

You kill the goblin!
You now have 5/7 mp.
You start resting.
MP restored: 7 All of the chunks of flesh in your inventory have rotted away.
An orc comes into view. It is wielding a trident.
The magic dart hits the orc.
The orc moves out of view.
You now have 6/7 mp.
No target in view!
You start resting.
The magic dart hits the orc.
An orc comes into view.
You now have 5/7 mp.
The magic dart hits the orc.
You now have 4/7 mp.
The magic dart hits the orc.
You kill the orc!
You now have 3/7 mp.
The magic dart hits the orc.
You kill the orc!
You now have 2/7 mp.
No target in view!
You start resting.
MP restored: 7 An orc comes into view. It is wielding an enchanted mace.
Things that are here:
a trident; an orc corpse The magic dart hits the orc.
The orc moves out of view.
You now have 6/7 mp.
You butcher the orc corpse.
b - 2 chunks of flesh {@w0} You see here a trident.
The magic dart hits the orc.
You now have 5/7 mp.
The magic dart hits the orc.
You now have 4/7 mp.
The magic dart hits the orc.
You kill the orc!
You now have 3/7 mp.
You start resting.
MP restored: 7 A bat, an orc and an orc wizard come into view.
The orc wizard shouts!
Things that are here:
an enchanted mace; a ring mail; an orc corpse Spoiler Alert: The orc wizard might cast Slow, Confuse, Throw Flame, Throw Frost, or go Invisible!
The magic dart hits the bat.
You now have 6/7 mp.
The magic dart hits the bat.
The bat misses you. The bat completely misses you.
The orc wizard gestures at you while chanting.
The puff of flame hits you!
You take 10 damage, and have 17/27 hp.
MASSIVE DAMAGE!!
You now have 5/7 mp.
Spoiler Alert: The orc wizard might cast Slow, Confuse, Throw Flame, Throw Frost, or go Invisible!
The magic dart hits the bat.
The bat completely misses you.
You now have 4/7 mp.
The magic dart hits the bat.
You kill the bat!
You now have 3/7 mp.
The magic dart hits the orc.
You are feeling hungry.
You now have 2/7 mp.
Spoiler Alert: The orc wizard might cast Slow, Confuse, Throw Flame, Throw Frost, or go Invisible!
The magic dart hits the orc.
The orc closely misses you.
You now have 1/7 mp.
You are too depleted to cast spells recklessly!
The magic dart hits the orc.
You kill the orc!
The orc wizard hits you with a dagger.
You take 4 damage, and have 13/27 hp.
You now have 0/7 mp.
Spoiler Alert: The orc wizard might cast Slow, Confuse, Throw Flame, Throw Frost, or go Invisible!
You don't have enough magic to cast that spell.
Really attack while wielding your uncursed staff of wizardry {wiz+, !a}? [Y]es or [N]o only, please.
Really attack while wielding your uncursed staff of wizardry {wiz+, !a}?
You see here a trident.
The orc wizard gestures at you while chanting.
You feel momentarily confused.
Spoiler Alert: The orc wizard might cast Slow, Confuse, Throw Flame, Throw Frost, or go Invisible!
The orc wizard mumbles some strange words.
The orc wizard flickers and vanishes!
Deactivating autopickup; reactivate with Ctrl-A.
Eating one of 2 chunks of flesh {@w0}.
You continue eating. x2
Something hits you.
You can't see any susceptible monsters within range! (Use Z to cast anyway.) Unknown command.
The magic dart hits something.
Something hits you.
You take 2 damage, and have 11/27 hp.
You now have 0/7 mp.
The magic dart hits you!
* * * LOW HITPOINT WARNING * * *
You take 7 damage, and have 4/27 hp.
MASSIVE DAMAGE!!
Drink which item? (? for menu, Esc to quit)
Okay, then.
The magic dart hits something.
You now have 0/7 mp.
The magic dart hits you!
You die...

..........#..)##
...............##
................# ###
................# #.#
........#.......# #.#
...#...)##.....## #.#
................## #.#
...##............####.#######
...###..........@.............
...# #.........)#####.#######
...###....#...#.[..##.#
...##.......#.####.##.#
............#.####..#.#
............#..##...#.##
.............#.##......#
....................#..####.##
..............#.....#).......#


There were no monsters in sight!

Vanquished Creatures
  2 adders
  A giant mite (D:2)
  An adder zombie (D:1)
  2 giant geckos (D:1)
  4 orcs (D:3)
  A ball python (D:1)
  8 bats
  4 giant cockroaches
  10 goblins
  7 hobgoblins
  2 quokkas
  A ball python zombie (D:1)
  A giant newt (D:2)
  3 kobolds
  10 rats
57 creatures vanquished.

Notes
Turn   | Place    | Note
--------------------------------------------------------------
     0 | D:1      | Pikaro, the Octopode Conjurer, began the quest for the Orb.
     0 | D:1      | Reached XP level 1. HP: 11/11 MP: 3/3
   252 | D:1      | Reached XP level 2. HP: 12/17 MP: 0/4
  1173 | D:1      | Reached XP level 3. HP: 21/21 MP: 0/6
  2213 | D:1      | Reached skill level 5 in Conjurations
  2466 | D:2      | Found a blossoming altar of Fedhas.
  2469 | D:2      | Found a sparkling altar of Nemelex Xobeh.
  2475 | D:2      | Found a glowing silver altar of Zin.
  2947 | D:2      | Reached XP level 4. HP: 27/27 MP: 3/7
  3781 | D:2      | Found a sparkling altar of Nemelex Xobeh.
  3784 | D:2      | Found a glowing silver altar of Zin.
  3784 | D:2      | Found a blossoming altar of Fedhas.
  4376 | D:3      | HP: 4/27 [something/magic dart (7)]
  4382 | D:3      | Killed from afar by an orc wizard

Action                   |  1- 3 |  4- 6 || total
-------------------------+-------+-------++-------
Melee: Unarmed           |    15 |     3 ||    18
       Dagger            |       |     4 ||     4
 Cast: Magic Dart        |    62 |    53 ||   115
  Use: Scroll            |     4 |     1 ||     5
       Potion            |     3 |     1 ||     4
  Eat: Chunk             |     2 |     6 ||     8
       Bread ration      |     1 |       ||     1

Vault maps used:
D:1:      saegor_arrival_fortress, grunt_decor_mini_mirrors
D:2:      grunt_temple_overflow_diamond
D:3:      kennysheep_goblin_castle, first_bread

Table legend:
 A = Turns spent in this place as a percentage of turns spent in the entire game.
 B = Non-inter-level travel turns spent in this place as a percentage of non-inter-level travel turns spent in the entire game.
 C = Inter-level travel turns spent in this place as a percentage of turns spent in this place.
 D = Turns resting spent in this place as a percentage of non-inter-level travel turns spent in this place.
 E = Turns spent auto-exploring this place as a percentage of non-inter-level travel turns spent in this place.
 F = Non-inter-level travel turns spent in this place divided by the number of levels of this place that you've seen.
                   A       B       C       D       E      F
               +-------+-------+-------+-------+-------+----------------------
         Total | 100.0 | 100.0 |   0.4 |  19.3 |  15.7 | 153.3
       Dungeon | 100.0 | 100.0 |   0.4 |  19.3 |  15.7 | 153.3
               +-------+-------+-------+-------+-------+----------------------

Table legend:
 A = Kills in this place as a percentage of kills in entire the game.
 B = Kills by you in this place as a percentage of kills by you in the entire game.
 C = Kills by friends in this place as a percentage of kills by friends in the entire game.
 D = Other kills in this place as a percentage of other kills in the entire game.
 E = Experience gained in this place as a percentage of experience gained in the entire game.
 F = Experience gained in this place divided by the number of levels of this place that you have seen.
                   A       B       C       D       E      F
               +-------+-------+-------+-------+-------+----------------------
         Total | 100.0 | 100.0 |  -nan |  -nan | 100.0 |  47.0
       Dungeon | 100.0 | 100.0 |  -nan |  -nan | 100.0 |  47.0
               +-------+-------+-------+-------+-------+----------------------
